Map: Acropolis LE

Players

Djorn - Winner!

  • Race: Protoss Protoss
  • Spawn Location: 11:00

A.I. 1 (Very Easy)

  • Race: Zerg Zerg
  • Spawn Location: 5:00

VOD

Have the link to the VOD?

Description

Time

  • Played on: Aug. 22, 2019, 11:46 p.m.
  • Length: 4:59
Show
View Real Time Build Order
Export as new Build Order

Djorn Protoss - Winner!

Build Orders:  

Get SALT Encoding   

  12  0:01  Probe  
  13  0:13  Probe  
  14  0:19  Pylon  
  14  0:25  Probe  
  15  0:37  Probe  
  16  0:48  Gateway  
  16  0:49  Probe  
  17  0:55  Assimilator  
  17  1:01  Probe  
  18  1:13  Probe  
  18  1:16  Pylon  
  19  1:26  Probe  
  20  1:39  Probe  
  21  1:48  Cybernetics Core  
  21  1:55  Assimilator  
  21  1:57  Pylon  
  21  2:03  Zealot  
  21  2:07  Warp Gate  
  23  2:09  Probe  
  24  2:22  Probe  
  25  2:23  Gateway x2  
  25  2:26  Gateway  
  25  2:28  Adept  
  27  2:54  Adept  
  27  2:55  Gateway  
  29  3:21  Zealot  
  29  3:22  Pylon  
  29  3:25  Pylon  
  31  3:54  Pylon  
  31  3:58  Adept x2  
  31  4:00  Zealot  
  37  4:03  Zealot  
Show
View Real Time Build Order
Export as new Build Order

A.I. 1 (Very Easy) Zerg 

Build Orders: Pool Only 

Get SALT Encoding   

  12  0:00  Drone  
  13  0:12  Overlord  
  13  0:16  Drone  
  14  0:36  Spawning Pool  
  14  0:37  Extractor  
  14  0:39  Drone  
  13  0:46  Drone  
  14  0:51  Overlord  
  14  1:22  Queen  
  14  1:23  Zergling x2  
  17  1:30  Roach Warren  
  16  1:33  Drone  
  16  1:37  Extractor  
  16  1:40  Zergling x2  
  16  1:41  Drone  
  18  1:55  Drone  
  18  1:57  Zergling x2  
  20  2:05  Drone  
  21  2:16  Drone  
  22  2:27  Drone  
  22  2:28  Overlord  
  23  2:34  Drone  
  24  2:41  Drone  
  25  4:18  Zergling x2  
  22  4:31  Drone  
  22  4:35  Zergling x2  
  18  4:38  Drone  
  10  4:46  Drone  
Tags
 
Matchup
PvZ
Opening
Pool Only
Replay Pack
sc2replays
Spawn Locations
Cross Positions
Add a new tag
Caveats
  • Supply blocks, unpowered buildings, or Contaminate may cause inaccurate times.
  • Supply counts are checked every 10 seconds.